 Seeded DCSS version 0.30.0 (webtiles) character file.

Game seed: 7166577617704141334 (custom seed)

113 Mickster the Chopper (level 4, -1/41 HPs)
             Began as a Hill Orc Berserker on May 6, 2023.
             Was a Believer of Trog.
             Killed by divine providence
             ... invoked by an orc priest
              (15 damage)
             ... on level 3 of the Dungeon.
             The game lasted 00:12:50 (1420 turns).

Mickster the Chopper (Hill Orc Berserker)           Turns: 1420, Time: 00:12:51

Health: -1/41      AC:  8    Str: 21    XL:     4   Next: 96%
Magic:  4/4        EV: 10    Int:  7    God:    Trog [**....]
Gold:   90         SH:  0    Dex: 14    Spells: 3/3 levels left

rFire   + . .        p - +0 war axe
rCold   . . .        (no shield)
rNeg    . . .        d - +0 scale mail
rPois   .            k - +0 helmet
rElec   .            i - scarf of Kosaceuw {harm, Dex+4}
rCorr   .            c - +0 pair of gloves
SInv    .            (no boots)
Will    .....        (no amulet) Stlth
                     e - ring of protection from fire
HPRegen 0.26/turn    (no ring)
MPRegen 0.09/turn

%: harm (+30% outgoing, +20% incoming)
@: on berserk cooldown
A: no striking features
a: Renounce Religion, Convert to Beogh, Berserk, Trog's Hand


You were on level 3 of the Dungeon.
You worshipped Trog.
Trog was pleased with you.
You visited 1 branch of the dungeon, and saw 3 of its levels.

You collected 90 gold pieces.

Inventory:

Hand Weapons
 a - a +0 hand axe
 m - a +3 whip
 p - a +0 war axe (weapon)
Missiles
 o - 3 stones (quivered)
Armour
 c - a +0 pair of gloves (worn)
 d - a +0 scale mail (worn)
 f - a +0 ring mail
 i - the scarf of Kosaceuw (worn) {harm, Dex+4}
   (You found it on level 2 of the Dungeon)

   Dex:       It affects your dexterity (+4).
 k - a +0 helmet (worn)
 r - a +1 robe of positive energy
Jewellery
 e - a ring of protection from fire (left hand)
Scrolls
 g - 2 scrolls of fog
 j - a scroll of teleportation
 n - a scroll of identify
 s - a scroll of enchant weapon {unknown}
Potions
 h - a potion of heal wounds {unknown}
 l - a potion of mutation {unknown}
 q - a potion of flight {unknown}
 t - a potion of magic {unknown}
 u - a potion of curing {unknown}
 v - a potion of invisibility


   Skills:
 + Level 4.4 Fighting
 * Level 6.0 Axes
 + Level 2.6 Armour
 + Level 2.0 Dodging
 + Level 0.1 Stealth


You had 3 spell levels left.
You didn't know any spells.
Your spell library was empty.

Dungeon Overview and Level Annotations

Branches:
Dungeon (3/15)

Altars:

Annotations:
D:1 1 transporter


Message History

You see here a frilled lizard corpse.
Things that are here:
a +0 flail; a +0 scale mail You feel your anger nearly subside.
You are no longer berserk.
You are exhausted.
You feel yourself slow down.
Things that are here:
a +0 short sword; an orc corpse
v - a potion of invisibility You drop a +0 animal skin.
An orc comes into view. It is wielding a +0 whip.
The orc shouts!
You hear a shout!
An orc comes into view. It is wielding a +0 war axe.
The orc hits you with a +0 whip.
Things that are here:
a +0 short sword; an orc corpse You slash the orc!
You kill the orc!
Trog accepts your kill.
You closely miss the orc.
An orc priest comes into view. It is wielding a +0 hand axe.
The orc hits you but does no damage.
The orc priest mumbles some strange prayers to Beogh against you.
You barely resist.
The orc priest shouts, "Surrender to Beogh and we'll let you live!" (press Y on the ability menu to convert to Beogh)
You slash the orc!
You kill the orc!
Trog accepts your kill.
The orc priest invokes the aid of Beogh against you.
Beogh smites you!
The orc priest mumbles some strange prayers to Beogh against you.
Beogh smites you!
Items here: )) [ ††.
The orc priest invokes the aid of Beogh against you.
You barely resist.
You feel yourself speed up.
The orc priest invokes the aid of Beogh against you.
Beogh smites you!
You die...

### #.. #.####
#.#..#### #
#..o@...#
#.#<##.##.##
#.....))...#
###..#.)..[#
#..#)†...#
................
####..#.....#.##
#..#.#...#.#
....#.....# #


You could see an orc priest.

Vanquished Creatures
  Jessica (D:2)
  An orc wizard (D:3)
  2 adders (D:2)
  A worm (D:2)
  A dart slug (D:2)
  5 orcs (D:3)
  4 endoplasms
  A giant cockroach (D:1)
  2 goblins
  3 hobgoblins
  7 kobolds
  A quokka (D:1)
  4 ball pythons
  2 frilled lizards
  4 rats
39 creatures vanquished.

Notes
Turn   | Place    | Note
-------+----------+-------------------------------------------
     0 | D:1      | Mickster the Hill Orc Berserker began the quest for the
                  | Orb.
     0 | D:1      | Reached XP level 1. HP: 19/19 MP: 1/1
   355 | D:1      | Reached XP level 2. HP: 27/27 MP: 2/2
   599 | D:2      | Reached XP level 3. HP: 30/33 MP: 3/3
   856 | D:2      | Identified the scarf of Kosaceuw {harm, Dex+4}
   930 | D:2      | Reached skill level 5 in Axes
  1210 | D:2      | Noticed Jessica
  1218 | D:2      | Killed Jessica
  1219 | D:2      | Reached XP level 4. HP: 37/41 MP: 4/4
  1399 | D:3      | Reached ** piety under Trog
  1402 | D:3      | Reached skill level 6 in Axes
  1420 | D:3      | Killed from afar by an orc priest

Illustrated notes

Levels and vault maps discovered:
D:1:      spicycebolla_arrival_transporter_tutorial, layout_loops_cross,
          shapermc_ecumenical_altar_gd, minivault_19, minmay_small_reverse_x
D:2:      layout_basic, uniq_jessica
D:3:      layout_basic, kennysheep_cross_room, minmay_misc_feat_pillars,
          st_stairs_4, uniq_sigmund

Skill      XL: |  1  2  3  4 |
---------------+-------------+-----
Fighting       | 4 |  4.4
Axes           | 5 6 |  6.0
Dodging        | 2 |  2.0
Armour         | |  2.6
Stealth        | |  0.1

Action                     |  1- 3 |  4- 6 || total
---------------------------+-------+-------++-------
  Melee: Hand axe          |    72 |       ||    72
         War axe           |     2 |     9 ||    11
 Invoke: Berserk           |     2 |     1 ||     3
    Use: Scroll            |     3 |       ||     3
         Potion            |     1 |       ||     1
   Stab: Invisible         |     1 |       ||     1
 Armour: Animal skin       |     1 |       ||     1
         Scale mail        |    27 |     5 ||    32
         Ring mail         |     5 |       ||     5
  Dodge: Dodged            |    58 |     3 ||    61
